Cogmind - Beta 16 @@@ ROGUE MODE // 2025.10.22 @ 21:59:45 Player: Visionary Result: Destroyed by AF-QUA(R) with Subdweller Beam Cannon Performance ------------- Evolutions (0) 0 Regions Visited (2) 400 Robots Destroyed (1) 5 Value Destroyed (34) 34 Prototype IDs (0) 0 Alien Tech Used (0) 0 Bonus (0) 0 TOTAL SCORE: 439 Bonus ------- None Cogmind --------- Core Integrity 0/250 Matter 260/300 Energy 250/250 System Corruption 0% Temperature Cool (9) Movement Walking (120) Location -10/Subcaves Parts ------- > --- POWER (1) -------- Ion Engine > --- PROPULSION (2) --- Aluminum Leg Aluminum Leg > --- UTILITY (2) ------ Small Storage Unit Structural Scanner > --- WEAPON (2) ------- Medium Laser Assault Rifle > --- INVENTORY (8) ---- Ion Engine Aluminum Leg Heat Sink Scrap Shield Small Laser Grenade Launcher Peak State ------------ > --- POWER ------------ Ion Engine > --- PROPULSION ------- Aluminum Leg Aluminum Leg > --- UTILITY ---------- Small Storage Unit Structural Scanner > --- WEAPON ----------- Medium Laser Assault Rifle > --- INVENTORY -------- Ion Engine Aluminum Leg Heat Sink Scrap Shield Medium Laser Small Laser Grenade Launcher [Rating: 8] Favorites ----------- Power Ion Engine Engine Ion Engine Propulsion Aluminum Leg Leg Aluminum Leg Utility Small Storage Unit Device Structural Scanner Storage Small Storage Unit Weapon Assault Rifle Energy Gun Medium Laser Ballistic Gun Assault Rifle Build | -11 -10 -10 ------- Run | Yrd Mat Sub Slots Evolved . | . . . Power . | . . . Propulsion . | . . . Utility . | . . . Weapon . | . . . Parts Attached 8 | 6 1 1 Power 1 | 1 . . Engine 1 | 1 . . Core . | . . . Reactor . | . . . Propulsion 2 | 2 . . Treads . | . . . Leg 2 | 2 . . Wheel . | . . . Hover . | . . . Flight . | . . . Utility 2 | 1 1 . Device 1 | . 1 . Storage 1 | 1 . . Processor . | . . . Hackware . | . . . Protection . | . . . Artifact . | . . . Weapon 3 | 2 . 1 Energy Gun 2 | 1 . 1 Energy Cannon . | . . . Ballistic Gun 1 | 1 . . Ballistic Cannon . | . . . Launcher . | . . . Special Weapon . | . . . Impact Weapon . | . . . Slashing Weapon . | . . . Piercing Weapon . | . . . Special Melee Weapon . | . . . Unidentified Prototypes . | . . . Parts Lost 1 | . . 1 Power . | . . . Propulsion . | . . . Utility . | . . . Weapon 1 | . . 1 Highest Loss Streak 1 | . . 1 To Critical Strikes . | . . . Average Backups 5 | 1 6 6 Power . | . 1 1 Propulsion . | . . 1 Utility . | . . 1 Weapon 3 | . 4 3 Tool/Special . | . . . Unused Backups 9 | . 1 8 Power 1 | . . 1 Propulsion 1 | . . 1 Utility 2 | . . 2 Weapon 5 | . 1 4 Tool/Special . | . . . Average Slot Usage (%) 96 | . 93 100 Engine 14 | . 14 14 Leg 28 | . 28 28 Device 10 | . 7 14 Storage 14 | . 14 14 Energy Gun 14 | . 14 14 Ballistic Gun 14 | . 14 14 Peak Build Rating 8 | 6 7 8 Average Rating 6 | 3 6 7 On Entrance 4 | . 6 7 Avg Prop Armor Cover (%) . | . . . Naked Turns . | . . . Heaviest Build 15 | 14 15 15 Greatest Support 20 | 20 20 20 Greatest Overweight (x) 3 | 3 . . Average Overweight (x) . | 1 . . Largest Inventory Capacity 8 | 8 8 8 Average Capacity 7 | 7 8 8 Most Carried 8 | 5 8 8 Average Carried 5 | 1 6 7 Final Capacity 8 | 8 8 8 Final Carried 8 | 2 8 7 Class Distribution -------------------- 100% | Mutant Dominant Class ---------------- Mutant | -10/Materials Mutant | -10/Subcaves Resources | -11 -10 -10 ----------- Run | Yrd Mat Sub Matter Collected 259 | 222 37 . Remotely . | . . . Salvage Created 37 | . 37 . Parts 3 | . 3 . Haulers Intercepted . | . . . Recyclers Shooed . | . . . Parts Field Recycled . | . . . Retrieved Matter . | . . . Parts Self-Destructed 4 | . . 4 Prevented . | . . . Parts Restored . | . . . Kills | -11 -10 -10 ------- Run | Yrd Mat Sub Combat Hostiles Destroyed 1 | . 1 . Guns 1 | . 1 . Classes Destroyed 1 | . 1 . Grunt 1 | . 1 . Best Kill Streak 1 | . 1 . Combat Bots Only 1 | . 1 . Max Kills in Single Turn 1 | . 1 . Gunslinging . | . . . Exploded . | . . . Melee . | . . . Uniques/NPCs Destroyed . | . . . Combat | -11 -10 -10 -------- Run | Yrd Mat Sub Hostile Shots Fired 17 | . 2 15 Missed 4 | . . 4 Hits 13 | . 2 11 Projectile 13 | . 2 11 AOE 6 | . . 6 Critical Strikes 1 | . . 1 Damage Taken 482 | . 21 461 Core 252 | . . 252 Absorbed by Shields . | . . . Core Remaining (%) 100 | 100 . . Volleys Fired 8 | . 2 6 Largest 2 | . 2 2 Hottest 70 | . 70 70 Shots Fired 16 | . 4 12 Gun 16 | . 4 12 Cannon . | . . . Launcher . | . . . Special . | . . . Kinetic 8 | . 2 6 Thermal 8 | . 2 6 Explosive . | . . . Electromagnetic . | . . . Robot Hit Streak 2 | . 2 2 Robot Miss Streak 2 | . 1 2 Penetration Max . | . . . Secondary Targets . | . . . Shots Hit Robots 8 | . 3 5 Core Hits 3 | . 2 1 Critical Kills . | . . . Critical Parts Destroyed . | . . . Critical Strikes . | . . . Melee Attacks . | . . . Impact . | . . . Slashing . | . . . Piercing . | . . . Sneak Attacks . | . . . Combat Hostiles . | . . . Follow-up Attacks . | . . . Damage Inflicted 97 | . 34 63 Guns 97 | . 34 63 Cannons . | . . . Explosions . | . . . Melee . | . . . Ramming . | . . . Kinetic 61 | . 22 39 Thermal 36 | . 12 24 Explosive . | . . . Electromagnetic . | . . . Impact . | . . . Slashing . | . . . Piercing . | . . . Highest Corruption . | . . . Average Corruption . | . . . Corruption Purged . | . . . Corruption Blocked . | . . . Overload Shots . | . . . Overflow Damage . | . . . Projectiles . | . . . Explosions . | . . . Melee . | . . . Knockbacks . | . . . Impact . | . . . Kinetic . | . . . Secondary . | . . . Self-Inflicted Damage . | . . . Shots . | . . . Rammed . | . . . Targets Rammed . | . . . Kicked . | . . . Crushed . | . . . Highest Temperature 24 | . 24 . Average Temperature 14 | . 14 . Received Heat Transfer 69 | . 12 57 Siege Activations . | . . . Martial Activations . | . . . Shielding Activations . | . . . Robots Disrupted . | . . . Combat Hostiles . | . . . Robots Corrupted . | . . . Combat Hostiles . | . . . Parts Fried . | . . . Impact Corruptions . | . . . Robots Melted . | . . . Combat Hostiles . | . . . Parts Melted . | . . . Heat Transferred 111 | . 37 74 Parts Sabotaged . | . . . Parts Stolen . | . . . Parts Stripped . | . . . Power Chain Reactions . | . . . Alert | -11 -10 -10 ------- Run | Yrd Mat Sub Maximum Alert Level . | . . . Low Security (%) 100 | 100 100 . Level 1 . | . . . Level 2 . | . . . Level 3 . | . . . Level 4 . | . . . Level 5 . | . . . High Security . | . . . Max Security . | . . . Peak Influence 30 | . 30 . Initial . | . . . Average 5 | . 7 . Influence Increases 52 | . 52 . Destroy 0b10 Robot/C 20 | . 20 . Destroy Leader 10 | . 10 . Successful Hack 7 | . 7 . Lose Combat Pursuer 15 | . 15 . Influence Decreases 52 | . 37 15 Entered New Map 8 | . . 8 Time Decay 44 | . 37 7 Squads Dispatched 1 | . 1 . Investigation 1 | . 1 . Extermination . | . . . Reinforcement . | . . . Assault . | . . . Garrison . | . . . Intercept . | . . . Searches Triggered . | . . . Construction Impeded . | . . . Haulers Reinforced . | . . . Active Scanning Responses . | . . . Cargo Convoy Interrupts . | . . . Stealth | -11 -10 -10 --------- Run | Yrd Mat Sub Distress Signals 1 | . 1 . Communications Jammed . | . . . Distress Signals . | . . . Times Spotted 6 | . 2 4 Peak Tracking Total 4 | . 2 4 Tactical Retreats 1 | . 1 . Traps | -11 -10 -10 ------- Run | Yrd Mat Sub Traps Triggered . | . . . Indirectly . | . . . Trap Hack Attempts . | . . . Triggered . | . . . Disarmed . | . . . Reprogrammed . | . . . Reused . | . . . Traps Extracted . | . . . Installed . | . . . Triggered . | . . . Machines | -11 -10 -10 ---------- Run | Yrd Mat Sub Machines Disabled . | . . . Max in Single Turn . | . . . Machines Repaired . | . . . Machines Dismantled . | . . . Machines Sabotaged . | . . . Overloaded Fab Kills . | . . . Hacking | -11 -10 -10 --------- Run | Yrd Mat Sub Machines Accessed 4 | . 4 . Terminals 3 | . 3 . Fabricators . | . . . Repair Stations . | . . . Recycling Units 1 | . 1 . Scanalyzers . | . . . Garrison Access . | . . . Total Hacks 13 | . 13 . Successful 8 | . 8 . Failed 5 | . 5 . Catastrophic . | . . . Database Lockouts . | . . . Manual . | . . . Terminals 9 | . 9 . Fabricators . | . . . Repair Stations . | . . . Recycling Units 4 | . 4 . Scanalyzers . | . . . Garrison Access . | . . . Terminal Hacks 5 | . 5 . Record 2 | . 2 . Alert Level 1 | . 1 . Dispatch Records 1 | . 1 . Maintenance Status 1 | . 1 . Fabricator Hacks . | . . . Repair Station Hacks . | . . . Recycling Unit Hacks 3 | . 3 . Recycle Component 1 | . 1 . Process 1 | . 1 . Report Inventory 1 | . 1 . Scanalyzer . | . . . Garrison Access Hacks . | . . . Unauthorized Hacks . | . . . Terminals . | . . . Fabricators . | . . . Repair Stations . | . . . Recycling Units . | . . . Scanalyzers . | . . . Garrison Access . | . . . Data Cores Recovered . | . . . Used . | . . . Hacking Detections 4 | . 4 . Full Trace Events 1 | . 1 . Feedback Events . | . . . Feedback Blocked . | . . . Robot Schematics Acquired . | . . . Robots Built . | . . . Authchips . | . . . Time . | . . . Total Robot Build Rating . | . . . Part Schematics Acquired . | . . . Parts Built . | . . . Authchips . | . . . Time . | . . . Total Part Build Rating . | . . . Part Studies Acquired . | . . . Parts Repaired . | . . . Time . | . . . Parts Recycled 1 | . 1 . Recycled Matter 57 | . 57 . Retrieved Matter . | . . . Retrieved Components . | . . . Parts Scanalyzed . | . . . Part Schematics Acquired . | . . . Parts Damaged . | . . . Bothacking | -11 -10 -10 ------------ Run | Yrd Mat Sub Used RIF Installer . | . . . Robots Hacked . | . . . Non-combat . | . . . Combat . | . . . Robot Hacks Applied . | . . . Relay Couplers Released . | . . . Fabnet Peak Effective % . | . . . Robots Rewired . | . . . Allies Hacked . | . . . Hacks Repelled . | . . . Allies | -11 -10 -10 -------- Run | Yrd Mat Sub Total Allies . | . . . Largest Group . | . . . Highest-Rated Group . | . . . Highest-Rated Ally . | . . . Total Orders . | . . . Ally Attacks . | . . . Total Damage . | . . . Kills . | . . . Allies Corrupted . | . . . Allies Melted . | . . . Intel | -11 -10 -10 ------- Run | Yrd Mat Sub Active Infowar (turns) 212 | . 96 116 Structural 212 | . 96 116 Robot Analysis Total . | . . . Derelict Logs Recovered . | . . . Drone Launches . | . . . Drone Recoveries . | . . . Exploration | -11 -10 -10 ------------- Run | Yrd Mat Sub Turns Passed 348 | 61 171 116 Spaces Moved 244 | 36 129 79 Core 20 | 20 . . Treads . | . . . Legs 224 | 16 129 79 Wheels . | . . . Hover . | . . . Flight . | . . . Fastest Speed 50 | 50 120 120 Average Speed 121 | 131 120 120 Slowest Speed 200 | 200 120 120 Overloaded Moves . | . . . Propulsion Burnouts . | . . . Robots Hopped . | . . . Potential Cave-ins . | . . . Cave-ins Triggered . | . . . Exploration Rate (%) 11 | 3 22 8 Regions Visited 2 Branch Regions 1 Pre-discovered Areas 1 | . . 1 Known Exits Taken . | . . . Unknown Exits Taken 2 | 1 1 . Scrap Searched . | . . . Spaces Dug . | . . . Terrain Destroyed . | . . . Melee . | . . . Projectile . | . . . AOE . | . . . Terrain Rammed . | . . . Walls Destroyed . | . . . Machines Disabled . | . . . Actions | -11 -10 -10 --------- Run | Yrd Mat Sub Total 281 | 50 141 90 Wait 2 | 1 . 1 Move 242 | 35 128 79 Hop . | . . . Pick Up 18 | 8 9 1 Fast Attach . | . . . Attach 8 | 6 1 1 Detach . | . . . Swap . | . . . Drop 3 | . 1 2 Fire 8 | . 2 6 Melee . | . . . Ram . | . . . Kick . | . . . Crush . | . . . Escape Stasis . | . . . Rewire . | . . . Trap . | . . . Miscellaneous . | . . . Route ------- -11/Scrapyard -10/Materials -10/Subcaves History --------- Turn | Location | Event 29 | -11/Scrapyard | Discovered new exit (range 15) 62 | -11/Scrapyard | Entered Materials 224 | -10/Materials | Discovered new exit (range 7) 233 | -10/Materials | Entered Subcaves 234 | -10/Subcaves | Approached by a straggling Scientist 253 | -10/Subcaves | Learned location of Zion (-7) 253 | -10/Subcaves | Met a Zionite searching for "candidates" 265 | -10/Subcaves | A swath of the cavern ceiling suddenly collapsed 305 | -10/Subcaves | Build established: Mutant 309 | -10/Subcaves | Core integrity fell below 50% 338 | -10/Subcaves | Ambushed by swarm of Subdwellers 346 | -10/Subcaves | Core integrity fell below 20% 349 | -10/Subcaves | Destroyed by AF-QUA(R) with Subdweller Beam Cannon Last Messages --------------- or the Options menu), which hides your mouse cursor and enables keyboard-controlled map look functionality. For hardcore keyboard-only players. A swath of the cavern ceiling suddenly collapses. U0-9DG(c): "I think it's somewhere southwest of here" HV Slug penetrates Wall. U0-9DG(c) destroyed. Tech Extrapolator violently self-destructs. 92-SCR(h) destroyed. Med. Laser destroyed. I3-3G2(R) affixes Scrap Shield Fragment to Scrap Shield. A mess of Twisted Machinery falls from the cavern ceiling. 0R-OSM(R) comes tumbling into view. AF-QUA(R) emerges from the Twisted Machinery. QB-ZTJ(R) emerges from the Twisted Machinery. Map ----- +----------------------------------------------------+ | ??????????????????? # ###??########## ## ## | | ??????????????????? #"#??##### ######## | | ??????????????? ?????## "##?#####? | | ??????????????? # # # ??#####" "##?###??? | | ???????????????### ???##### = "# "##??? | | ???????????????# ????"#"# """ " "??? | | ???????????????? ? #??"#"#"" """"???? | | ????????????????? # ??##"""# " """"??? | | ?????????????????### ??"##?### % "# "###??? | | ?????????????????###???????### = [## "###??? | | ????????????????????????????## && ""???? | | ?????????????????####"??????## " ###" % ""??? | | ?????????????? ?####"??????## ##""""##### ??? | | ?????????????? ??????### ##? #######???? | | ???????????????? ##???## ###?#####???????? | | ?????????????????? ####### #####?####????????? | | ????????????? ###### "###??????????????? | | ???????????? ## ?????? # ###???????????????? | | ???????????? ## ######## # ####???????????????? | | ???????????" ######## R#####????????????????? | | ??????????? #### ####?????????????????? | | ??????????? ##???????????????????? | | ???????????????## ##???????????????????? | | ???????????????## ###???????????????????? | | ???????????????### ###???????????????????? | | ???????????????### @ #######???????????????? | | ?????????????##### ## ####???????????????? | | ????????????### R ###??????????????? | | ????????????## RR ##??????????????? | | ?????????? #####???????????? | | ?????????? ### ;# ###??????????? | | ??????????#### ### ;## ###?????????? | | ????????????###### ;;;;;###### ##?????????? | | ????????????#### ;#;;######## ?????????? | | ??????????????### ###???## ??????????? | | ?????????????? ### ??????## ???????????? | | ??????????????? ### ## ???????### ???????????? | | ????????????????##### ####???????????????????????? | | ????????????????? ######?????????????????????????? | | ????????????????????###??????????????????????????? | | ?????????????????????????????????????????????????? | | ?????????????????????????????????????????????????? | | ?????????????????????????????????????????????????? | | ?????????????????????????????????????????????????? | | ?????????????????????????????????????????????????? | | ?????????????????????????????????????????????????? | | ?????????????????????????????????????????????????? | | ?????????????????????????????????????????????????? | | ?????????????????????????????????????????????????? | | ?????????????????????????????????????????????????? | +----------------------------------------------------+ Best States ------------- Heat Dissipation 25 Energy Generation 10 Energy Capacity 250 Matter Stores 283 Matter Capacity 300 Sight Range 16 Terrain Scan Density 10 Evasion (%) 55 Item Schematics ----------------- None Robot Schematics ------------------ None Fabricated ------------ Nothing Repaired ---------- Nothing Studied --------- None Alien Tech Used ----------------- None Achievements -------------- None Challenges ------------ None Game ------ Seed AssemblyAssaultInsulator Manual? 0 Play Time 00:09:31 Cumulative 1.4 hours Start 2025.10.22 @ 21:50:20 End 2025.10.22 @ 21:59:45 Sessions 1 Manual Loads 0 Difficulty Rogue Special Mode None Game No. 4 Rogue 4 Adventurer 0 Explorer 0 Win Type - Total 0 Types 0/0/0/0/0/0/0/0/0/0 Lore% 0 Gallery% 2 Achievement% 3 Wizard Run 0 Options --------- Layout 1 ASCII 0 Keyboard 0 Movement Numpad Keybinds 0 Fullscreen 1 Font 24/Smallcaps Map View 50x35 Zoom Use 0% Tactical HUD 0 Map Filters NONE Filters NONE Steam 1 RUN: 7dd45808-c1fd-4528-a872-1fbf6bf8ad63